 Dungeon Crawl Stone Soup version 0.29.1-12-g30fa7ad0bf (webtiles) character file.

Game seed: 14698365066307418601

4942 retardedninja the Cleaver (level 10, -1/132 HPs)
             Began as a Hill Orc Fighter on Dec 19, 2022.
             Was an Initiate of Gozag.
             Succumbed to an orc's poison
             ... on level 8 of the Dungeon.
             The game lasted 00:16:58 (10754 turns).

retardedninja the Cleaver (Hill Orc Fighter)       Turns: 10754, Time: 00:16:59

Health: -1/132     AC: 29    Str: 29    XL:     10   Next: 52%
Magic:  10/10      EV:  2    Int:  3    God:    Gozag
Gold:   253        SH: 13    Dex: 10    Spells: 9/9 levels left

rFire   + + .      SeeInvis .   a - +1 war axe (vamp)
rCold   + . .      Faith    .   n - +0 tower shield
rNeg    . . .      Spirit   .   (body armour currently unavailable)
rPois   +          Reflect  .   (helmet currently unavailable)
rElec   +          Harm     .   (cloak currently unavailable)
rCorr   +          Rampage  .   (gloves currently unavailable)
Will    .....      NoTele   +   (boots currently unavailable)
Stlth   +.........              (no amulet)
HPRegen 0.32/turn               j - +4 ring of protection
MPRegen 0.12/turn               u - ring "Fetapes" {rPois rF+ rCorr Str+5 Int-3}

@: mighty, lethally poisoned (-1 -> -21), tree-form, resistant, gold aura,
studying Axes
A: stationary, stasis, torment immunity, boosted hp, (claws 1), dopey 1
a: Renounce Religion, Convert to Beogh, Potion Petition, Call Merchant, Bribe
Branch


You were on level 8 of the Dungeon.
You worshipped Gozag.
Gozag was aware of your devotion.
You were a tree.
You visited 2 branches of the dungeon, and saw 9 of its levels.
You also visited: Ossuary.

You collected 716 gold pieces.
You paid 463 gold pieces to Gozag.

Inventory:

Hand Weapons
 a - a +1 vampiric war axe (weapon)
Missiles
 e - 10 javelins (quivered)
 q - a throwing net
Armour
 d - a +0 pair of gloves (melded)
 n - a +0 tower shield (worn)
 o - a +2 helmet (melded)
 A - a +0 plate armour (melded)
Jewellery
 b - a ring of protection from cold
 j - a +4 ring of protection (left branch)
 u - the ring "Fetapes" (right branch) {rPois rF+ rCorr Str+5 Int-3}
   (You found it on level 6 of the Dungeon)

   [ring of protection from fire]

   Str:       It affects your strength (+5).
   Int:       It affects your intelligence (-3).
   rF:        It protects you from fire.
   rPois:     It protects you from poison.
   rCorr:     It protects you from acid and corrosion.
Wands
 p - a wand of iceblast (12)
 s - a wand of digging (3)
 t - a wand of mindburst (11)
 w - a wand of paralysis (9)
Scrolls
 g - 2 scrolls of silence
 h - a scroll of amnesia
 i - 4 scrolls of enchant armour
 k - a scroll of poison
 l - 6 scrolls of teleportation
 r - 2 scrolls of identify
 y - 2 scrolls of blinking
 C - a scroll of brand weapon
Potions
 f - 3 potions of lignification
 m - 2 potions of mutation
 v - a potion of brilliance
 x - a potion of flight


   Skills:
 + Level 7.8 Fighting
 + Level 14.8 Axes
 - Level 2.4 Throwing
 + Level 8.4 Armour
 - Level 0.2 Dodging
 - Level 1.1 Stealth
 + Level 6.4 Shields
 + Level 1.0 Evocations


You had 9 spell levels left.
You didn't know any spells.
Your spell library contained the following spells:

 Spells                   Type           Power      Damage    Failure   Level
 Frozen Ramparts          Ice            0%         1d1       100%        3
 Ignite Poison            Fire/Tmut/Pois 0%         N/A       100%        3
 Mephitic Cloud           Conj/Pois/Air  0%         N/A       100%        3
 Dispel Undead            Necr           0%         3d6       100%        4
 Ice Form                 Ice/Tmut       0%         N/A       100%        4
 Summon Ice Beast         Ice/Summ       0%         N/A       100%        4
 Blade Hands              Tmut           0%         N/A       100%        5
 Freezing Cloud           Conj/Ice/Air   0%         6-21      100%        5
 Irradiate                Conj/Tmut      0%         3d11      100%        5
 Summon Mana Viper        Hex/Summ       0%         N/A       100%        5
 Death Channel            Necr           0%         N/A       100%        6
 Dragon Form              Tmut           0%         N/A       100%        7
 Monstrous Menagerie      Summ           0%         N/A       100%        7
 Corpse Rot               Necr/Pois/Air  Unusable   N/A       N/A         4

Dungeon Overview and Level Annotations

Branches:
Dungeon (8/15)             Temple (1/1) D:7         Ossuary (visited)
   Lair: D:8-11

Altars:
Ashenzari
Cheibriados
Dithmenos
Fedhas
Gozag
Hepliaklqana
Makhleb
Nemelex Xobeh
Okawaru
Qazlal
Ru
Sif Muna
Trog
Wu Jian
Xom
Yredelemnul
Zin
The Shining One

Shops:
D:3 [   D:7 (

Annotations:
D:7 1 runed translucent door, Crazy Yiuf


Innate Abilities, Weirdness & Mutations

You are a tree.
Your roots penetrate the ground, keeping you stationary.
You cannot be teleported.
You are immune to unholy pain and torment.
Your maximum health is greatly increased.
Your equipment is partially melded.
((You have sharp fingernails.))
You are dopey. (Int -2)


Message History

Really quaff the potion of lignification?
You are stuck in your current form!
Unknown command.
Okay, then.
Okay, then.
As you read the scroll labelled QAIFRE YTSAXTO, it crumbles to dust.
You hear the tinkle of a tiny bell.
It was a scroll of butterflies.
* * * LOW HITPOINT WARNING * * *
You feel sick. You block the kobold's attack.
The orc priest is distracted by your dazzling golden aura.
You block the orc's attack.
As you read the scroll labelled CUNYLA LIABB, it crumbles to dust.
It is a scroll of enchant weapon.
Really abort (and waste the scroll)? [Y]es or [N]o only, please.
Really abort (and waste the scroll)?
Your +0 vampiric war axe glows red for a moment.
You feel yourself slow down.
* * * LOW HITPOINT WARNING * * *
You feel sick.
The orc warrior is no longer distracted by gold.
You block the orc warrior's attack. The orc hits you but does no damage.
You are more poisoned.
The wight is distracted by your dazzling golden aura.
You block the kobold's attack.
Okay, then.
You barely miss the kobold.
The orc priest shouts!
The orc priest threatens, "By the altar or by the axe, you will meet Beogh!"
You slash the orc warrior!
You feel better.
* * * LOW HITPOINT WARNING * * *
You feel very sick. The orc hits you but does no damage.
You are more poisoned.
You block the kobold's attack. You block the orc warrior's attack.
You slice the kobold!!
You kill the kobold!
You hit the orc warrior but do no damage.
You die...
Your body crumbles into a pile of gold.

.....# .....# .#
#)#..##### .#
#.......... .# #
#.≈≈≈≈≈≈.^.# .###.
..≈≈≈≈≈≈. ..# {...
#.≈≈_>≈≈. #.# zo#####
#.≈≈.⌠≈≈. ##.###oooo...
#.≈≈≈≈≈≈...#.#bb♣$ooo...
..≈≈≈≈≈≈.#...$K#########
.........###.#.#
.######## #.#.# # #.#
#.# #### #.# #.. #.#
##.####..# #.#
#........#


You could see an orc warrior (poisoned), a kobold brigand (ally target), a
wight, 2 orc priests and 5 orcs.

Vanquished Creatures
  A two-headed ogre (D:8)
  Maggie (D:7)
  2 steam dragons
  Menkaure (D:5)
  An acid dragon (D:8)
  A water moccasin (D:5)
  A black bear (D:8)
  3 ice beasts
  An ogre (D:6)
  An orc warrior (D:7)
  2 sky beasts
  A centaur (D:5)
  A kobold brigand (D:8)
  A gnoll sergeant (D:6)
  7 scorpions
  A bullfrog (D:7)
  2 necrophages
  2 water moccasin zombies (Ossuary)
  2 wights (D:8)
  5 killer bees (D:7)
  2 electric eels (D:7)
  9 bullfrog zombies (Ossuary)
  6 centaur zombies (Ossuary)
  6 hounds
  3 jellies
  An orc priest (D:6)
  A gnoll bouda (D:6)
  9 mummies (Ossuary)
  An iguana (D:4)
  5 orc wizards
  A killer bee zombie (Ossuary)
  11 gnolls
  6 adders
  A shadow imp (D:6)
  2 worms
  3 dart slugs
  18 orcs
  8 ball pythons
  A bat (D:2)
  3 endoplasms
  A giant cockroach (D:1)
  6 goblins
  7 hobgoblins
  3 jackals (D:1)
  15 kobolds
  3 quokkas
  6 frilled lizards
  10 rats
185 creatures vanquished.

Vanquished Creatures (others)
  A fungus (D:1)
  6 plants (D:1)
  7 withered plants (Ossuary)
14 creatures vanquished.

Grand Total: 199 creatures vanquished

Notes
Turn   | Place    | Note
-------+----------+-------------------------------------------
     0 | D:1      | retardedninja the Hill Orc Fighter began the quest for the
                  | Orb.
     0 | D:1      | Reached XP level 1. HP: 19/19 MP: 1/1
    34 | D:1      | You fall into a shaft and drop 1 floor!
   188 | D:1      | Reached XP level 2. HP: 21/27 MP: 2/2
   421 | D:1      | Found a faded altar of an unknown god.
   669 | D:1      | Reached skill level 3 in Axes
   848 | D:1      | Reached XP level 3. HP: 33/33 MP: 3/3
  1503 | D:2      | Reached XP level 4. HP: 40/40 MP: 4/4
  2064 | D:3      | Reached skill level 4 in Axes
  2064 | D:3      | Reached skill level 1 in Throwing
  2584 | D:3      | Found Coaps's Armour Emporium.
  3005 | D:4      | Reached XP level 5. HP: 45/47 MP: 5/5
  3017 | D:4      | Found a basalt altar of Yredelemnul.
  3592 | D:4      | Found a shimmering blue altar of Sif Muna.
  3894 | D:4      | Reached skill level 5 in Axes
  3894 | D:4      | Reached XP level 6. HP: 14/53 MP: 6/6
  4467 | D:5      | Entered Level 5 of the Dungeon
  4561 | D:5      | Noticed a water moccasin
  4568 | D:5      | Killed a water moccasin
  4569 | D:5      | Reached skill level 6 in Axes
  4587 | D:5      | Reached XP level 7. HP: 35/60 MP: 7/7
  5000 | D:5      | Reached skill level 5 in Armour
  5194 | D:5      | Reached skill level 5 in Fighting
  5194 | D:5      | Reached skill level 7 in Axes
  5491 | D:5      | Noticed Menkaure
  5497 | D:5      | Killed Menkaure
  5498 | D:5      | Reached XP level 8. HP: 36/68 MP: 8/8
  5927 | D:6      | Reached skill level 8 in Axes
  5927 | D:6      | Reached skill level 1 in Stealth
  6492 | D:6      | Identified the ring "Fetapes" {rPois rF+ rCorr Str+5 Int-3}
  6631 | D:6      | Reached skill level 9 in Axes
  6646 | D:6      | Found a shimmering altar of Xom.
  6690 | D:6      | Reached skill level 10 in Axes
  7061 | D:6      | Reached XP level 9. HP: 49/75 MP: 9/9
  7535 | D:6      | Reached skill level 11 in Axes
  8000 | D:7      | Found a staircase to the Ecumenical Temple.
  8092 | Temple   | Entered the Ecumenical Temple
  8110 | Temple   | Became a worshipper of Gozag Ym Sagoz the Greedy
  8918 | D:7      | Identified the +4 scale mail of Tinogumu {rF+ rCorr Dex+4}
  8999 | D:7      | Noticed Maggie
  9015 | D:7      | Killed Maggie
  9016 | D:7      | Reached skill level 12 in Axes
  9016 | D:7      | Reached skill level 5 in Shields
  9513 | D:7      | Found a stormy altar of Qazlal.
  9552 | D:7      | Found a runed translucent door.
  9553 | D:7      | Noticed Crazy Yiuf
  9610 | D:7      | Found Gisoed's Antique Weapon Boutique.
  9805 | D:8      | Found a burning altar of Makhleb.
  9812 | D:8      | Identified a scroll of acquirement
  9812 | D:8      | Acquired a manual of Axes
  9964 | D:8      | Reached skill level 13 in Axes
  9964 | D:8      | Reached XP level 10. HP: 83/86 MP: 10/10
 10023 | D:8      | Reached skill level 1 in Evocations
 10124 | D:8      | Found a sand-covered staircase.
 10129 | Ossuary  | Entered an ossuary
 10321 | Ossuary  | Reached skill level 14 in Axes
 10702 | D:8      | Noticed a two-headed ogre
 10719 | D:8      | Killed a two-headed ogre
 10747 | D:8      | HP: 3/132 [orc/+0 club (4)]
 10749 | D:8      | Gained mutation: You have sharp fingernails. [potion of
                  | mutation]
 10749 | D:8      | Gained mutation: You are dopey. (Int -2) [potion of
                  | mutation]
 10752 | D:8      | HP: 1/132 [poisoned by an orc]
 10754 | D:8      | Succumbed to an orc's poison

Illustrated notes

Levels and vault maps discovered:
D:1:      dpeg_arrival_arbitrary_b, layout_basic,
          shapermc_ecumenical_altar_mp_ritualfount, st_stairs_14,
          minmay_misc_feat_five, minivault_4, minmay_tromino_v4_a
D:2:      layout_loops_ring
D:3:      layout_basic, serial_shops, nicolae_diamond_shop, nicolae_titane
D:4:      layout_loops_cross, old_standard_altar, lemuel_doored_altar
D:5:      layout_loops_cross, uniq_menkaure
D:6:      layout_loops_ring, xom_teletrap_fun, minmay_crystal_room, nrook_uturn,
          dk_noncrumbling_3, st_stairs_10, minmay_fractal_squares_gapless_5
D:7:      layout_cave_pools, mainiacjoe_overflow_concentric_impassable,
          minmay_temple_entry_tees, nicolae_stop_n_shop_1, minivault_4,
          uniq_maggie, uniq_crazy_yiuf_cottage
D:8:      layout_loops_ring, general_overflow_altar, nicolae_uskayaw_suspiria,
          enter_ossuary_5, enter_bailey_2, kennysheep_generic_room_13
Temple:   hellmonk_temple_forest_ring

Skill      XL: |  1  2  3  4  5  6  7  8  9 10 |
---------------+-------------------------------+-----
Fighting       | 4 5 7 |  7.8
Axes           | 3 4 5 6 7 10 13 14 | 14.8
Throwing       | 1 2 |  2.4
Shields        | 4 5 6 |  6.4
Armour         | 4 5 6 7 8 |  8.4
Stealth        | 1 |  1.1
Evocations     | 1 |  1.0
Dodging        | |  0.2

Action                   |  1- 3 |  4- 6 |  7- 9 | 10-12 || total
-------------------------+-------+-------+-------+-------++-------
Melee: War axe           |    85 |   132 |   324 |   198 ||   739
Throw: Javelin           |    23 |    36 |     9 |    11 ||    79
       Throwing net      |       |       |       |     2 ||     2
Invok: Potion Petition   |       |       |       |     1 ||     1
Evoke: Wand              |       |       |     4 |       ||     4
  Use: Scroll            |       |     9 |     6 |     3 ||    18
       Potion            |       |     2 |     5 |     6 ||    13
 Stab: Held in net/web   |       |       |       |     2 ||     2
       Distracted        |       |       |       |     1 ||     1
Armor: Scale mail        |    55 |    94 |   186 |       ||   335
       Plate armour      |       |       |    30 |   103 ||   133
       Skin              |       |       |       |     5 ||     5
Dodge: Dodged            |    46 |    84 |   129 |    26 ||   285
Block: Buckler           |    21 |    34 |    60 |     2 ||   117
       Tower shield      |       |       |       |   163 ||   163
